 Dungeon Crawl Stone Soup version 0.21.1-1-g345015f (webtiles) character file.

29 inc the Grasshopper (level 3, -3/46 HPs)
             Began as a Gnoll Warper on June 9, 2018.
             Slain by Natasha (5 damage)
             ... on level 1 of the Dungeon.
             The game lasted 00:01:32 (752 turns).

inc the Grasshopper (Gnoll Warper)                   Turns: 752, Time: 00:01:33

Health: -3/46      AC: 21    Str: 13    XL:     3   Next: 16%
Magic:  9/9        EV:  2    Int: 16    God:
Gold:   109        SH:  6    Dex: 17    Spells: 8/12 levels left

rFire    . . .     SeeInvis .   a - +0 mace
rCold    . . .     Gourm    .   (no shield)
rNeg     + + +     Faith    .   (armour currently unavailable)
rPois    +         Spirit   .   (helmet currently unavailable)
rElec    .         Reflect  +   (cloak currently unavailable)
rCorr    .         Harm     .   (gloves currently unavailable)
MR       .....     NoTele   +   (boots currently unavailable)
Stlth    ++........             n - +6 amulet of reflection
HPRegen  0.15/turn              m - +3 ring of dexterity
MPRegen  0.11/turn              (no ring)

@: tree-form (expiring), hasted and slowed
A: distributed training, strong nose
a: no special abilities


You were on level 1 of the Dungeon.
You were not hungry.
You were a tree.
You visited 1 branch of the dungeon, and saw 2 of its levels.

You collected 109 gold pieces.

Inventory:

Hand Weapons
 a - a +0 mace (weapon)
Missiles
 e - 5 tomahawks of dispersal (quivered)
Armour
 b - a +0 leather armour (melded)
Jewellery
 m - a +3 ring of dexterity (left branch)
 n - a +6 amulet of reflection (around neck)
Scrolls
 d - a scroll of blinking
 h - a scroll of teleportation {unknown}
 i - a scroll of magic mapping {unknown}
 j - 2 scrolls of noise {unknown}
 o - a scroll of identify {unknown}
Potions
 g - a potion of lignification
Books
 c - a book of Spatial Translocations

   Spells                             Type                      Level
   a - Blink                          Translocation                2
   b - Shroud of Golubria             Charms/Translocation         2
   c - Lesser Beckoning               Translocation                3
   d - Gell's Gravitas                Translocation                3
   e - Teleport Other                 Translocation                3
   f - Passage of Golubria            Translocation                4
Comestibles
 f - 4 rations


   Skills:
 + Level 4.5 Fighting
 + Level 0.6 Short Blades
 + Level 0.6 Long Blades
 + Level 0.6 Axes
 + Level 4.5 Maces & Flails
 + Level 0.6 Polearms
 + Level 0.6 Staves
 + Level 0.6 Slings
 + Level 0.6 Bows
 + Level 0.6 Crossbows
 + Level 2.5 Throwing
 + Level 2.5 Armour
 + Level 4.5 Dodging
 + Level 0.6 Stealth
 + Level 0.6 Shields
 + Level 0.6 Unarmed Combat
 + Level 5.0 Spellcasting
 + Level 0.4 Conjurations
 + Level 0.4 Hexes
 + Level 0.4 Charms
 + Level 0.4 Summonings
 + Level 0.4 Necromancy
 + Level 5.4 Translocations
 + Level 0.4 Transmutations
 + Level 0.4 Fire Magic
 + Level 0.4 Ice Magic
 + Level 0.4 Air Magic
 + Level 0.4 Earth Magic
 + Level 0.4 Poison Magic
 + Level 0.8 Invocations
 + Level 0.6 Evocations


You had 8 spell levels left.
You knew the following spells:

 Your Spells              Type           Power        Failure   Level  Hunger
a - Blink                 Tloc           N/A          2%          2    #......
b - Shroud of Golubria    Chrm/Tloc      ##........   7%          2    #......


Dungeon Overview and Level Annotations

Branches:
Dungeon (2/15)

Altars:

Annotations:
D:1 Natasha


Innate Abilities, Weirdness & Mutations

Your experience applies equally to all skills.
((You have very sharp teeth.))
Your uncanny sense of smell can sniff out nearby items.


Message History

You block Natasha's attack.
The crimson imp blinks!
You block the rat's attack.
The shadow imp hits you but does no damage.
Natasha claws you but does no damage.
Unknown command.
You closely miss Natasha.
Natasha is almost dead.
The crimson imp blinks!
The white imp shouts, "Away with thee, thou craven weeb-spouting yak-dropping!"
The white imp hits you but does no damage.
The rat barely misses you. You block the shadow imp's attack.
You block Natasha's attack.
You closely miss Natasha.
Natasha is almost dead.
The white imp gestures at you. The puff of frost hits you!
* * * LOW HITPOINT WARNING * * *
You block the rat's attack. The shadow imp hits you.
* * * LOW HITPOINT WARNING * * *
Natasha claws you.
You die...

#....................#.#####
##.###...............#..#.##
#.###...............#...###
#......##.##........#...# #
####......##.###'#######...#
# #.........##.#....#
#...### #.###.######......#
####..#.## #.###.# ##5h...#
#..#....# #.....# #♣5.§.#
#.##..####
######'##########r...#
#.##.....#
#...#...#...#...#....#
#..#.#####
#...'...'...'...#....#
#)...# #..
#...#...#...#...#.5..#
#.#### #..
##'###'#######'##..>.# #.#
#..
#...#...#...#...###.####.###
#.. #...#.⌠.'.<.#.⌠.#
#.##.....# #..
#...#...#...#...# #..'.....#
#..


You could see Natasha, a crimson imp, a white imp, a shadow imp and a rat.

Vanquished Creatures
  2 oozes (D:1)
  2 leopard geckos (D:1)
  A giant cockroach (D:1)
  2 goblins (D:1)
  6 jackals (D:1)
  A bat (D:1)
  A frilled lizard (D:1)
  A kobold (D:1)
  A rat (D:1)
17 creatures vanquished.

Notes
Turn   | Place    | Note
-------+----------+-------------------------------------------
     0 | D:1      | inc the Gnoll Warper began the quest for the Orb.
     0 | D:1      | Reached XP level 1. HP: 20/20 MP: 6/6
    67 | D:1      | Reached XP level 2. HP: 10/26 MP: 7/7
    77 | D:1      | Learned a level 2 spell: Blink
    80 | D:1      | Learned a level 2 spell: Shroud of Golubria
   454 | D:1      | Reached skill level 5 in Spellcasting
   454 | D:1      | Reached XP level 3. HP: 22/31 MP: 7/9
   729 | D:2      | Noticed Natasha
   752 | D:1      | HP: 2/46 [shadow imp[Natasha] (1)]
   752 | D:1      | Slain by Natasha

Skill      XL: |  1  2 |
---------------+-------+-----
Spellcasting   | 5 |  5.0
Fighting       | |  4.5
Short Blades   | |  0.6
Long Blades    | |  0.6
Axes           | |  0.6
Maces & Flails | |  4.5
Polearms       | |  0.6
Staves         | |  0.6
Slings         | |  0.6
Bows           | |  0.6
Crossbows      | |  0.6
Throwing       | |  2.5
Armour         | |  2.5
Dodging        | |  4.5
Stealth        | |  0.6
Shields        | |  0.6
Unarmed Combat | |  0.6
Conjurations   | |  0.4
Hexes          | |  0.4
Charms         | |  0.4
Summonings     | |  0.4
Necromancy     | |  0.4
Translocations | |  5.4
Transmutations | |  0.4
Fire Magic     | |  0.4
Ice Magic      | |  0.4
Air Magic      | |  0.4
Earth Magic    | |  0.4
Poison Magic   | |  0.4
Invocations    | |  0.8
Evocations     | |  0.6

Action                   || total
-------------------------++-------
Melee: Mace              ||    72
       Bite              ||     7
 Cast: Shroud of Golubri ||     3
       Blink             ||     3
  Use: Potion            ||     3
Armor: Leather armour    ||    17
       Skin              ||    20
Dodge: Dodged            ||    78
Block: Other             ||    11
